Map: Frozen Temple

Players

Fropez - Winner!

  • Race: Protoss Protoss
  • League: Silver
  • Spawn Location: 5:00

gartron

  • Race: Zerg Zerg
  • League: Silver
  • Spawn Location: 11:00

VOD

Have the link to the VOD?

Description

Time

  • Played on: June 7, 2016, 7:23 p.m.
  • Length: 6:01
Show
View Real Time Build Order
Export as new Build Order

Fropez Protoss - Winner!

Build Orders:  

Get SALT Encoding   

  12  0:01  Probe (Chrono Boost)  
  13  0:15  Pylon  
  13  0:19  Probe (Chrono Boost)  
  14  0:34  Gateway  
  15  0:35  Probe (Chrono Boost)  
  15  0:46  Probe (Chrono Boost)  
  15  0:48  Pylon  
  16  0:56  Probe (Chrono Boost)  
  17  1:04  Assimilator  
  17  1:09  Probe (Chrono Boost)  
  18  1:15  Pylon  
  18  1:23  Cybernetics Core  
  18  1:26  Probe (Chrono Boost)  
  19  1:36  Probe (Chrono Boost)  
  20  1:41  Gateway  
  20  1:44  Gateway  
  20  1:48  Probe (Chrono Boost)  
  23  2:02  Stalker  
  23  2:09  Warp Gate (Chrono Boost)  
  23  2:11  Probe (Chrono Boost), Assimilator  
  24  2:27  Probe (Chrono Boost)  
  25  2:32  Gateway, Stalker  
  27  2:37  Probe (Chrono Boost)  
  27  2:47  Stalker  
  28  3:02  Stalker  
  28  3:20  Stalker  
  28  3:23  Mothership Core  
  32  3:27  Pylon  
  32  3:37  Zealot  
  32  3:45  Probe  
  33  3:57  Probe  
  34  4:08  Stalker x2  
  36  4:18  Zealot  
  38  4:38  Stalker x3  
  44  4:55  Probe  
  44  4:56  Twilight Council  
  44  4:58  Nexus  
  41  5:04  Pylon  
  41  5:39  Stalker x3  
Show
View Real Time Build Order
Export as new Build Order

gartron Zerg 

Build Orders: Hatch First 

Get SALT Encoding   

  12  0:05  Drone  
  13  0:13  Drone  
  14  0:36  Hatchery  
  14  0:40  Drone  
  14  0:48  Overlord  
  14  1:09  Drone x3  
  17  1:21  Drone  
  17  1:24  Spawning Pool  
  17  1:25  Extractor  
  16  1:38  Drone  
  17  1:45  Drone  
  18  2:03  Hatchery  
  18  2:07  Drone  
  18  2:08  Drone x3  
  21  2:18  Zergling x2  
  21  2:19  Zergling x2  
  23  2:27  Extractor  
  22  2:38  Queen  
  24  2:53  Zergling x6  
  27  3:06  Drone  
  27  3:14  Queen  
  29  3:24  Lair  
  27  3:39  Zergling x2  
  27  3:40  Zergling x4  
  30  3:47  Zergling x6  
  33  3:50  Overlord x3  
  33  3:51  Queen  
  33  4:01  Zergling x2  
  33  4:02  Zergling x2  
  33  4:22  Roach Warren  
  33  4:24  Zergling x10  
  31  4:27  Zergling x2  
  32  4:40  Zergling x6  
  32  4:41  Zergling x2  
  33  4:57  Zergling x2  
  33  4:58  Zergling x6  
  33  5:05  Roach  
  28  5:24  Roach x4  
Tags
 
Matchup
PvZ
Replay Pack
All Mines
Spawn Locations
Cross Positions
Add a new tag
Caveats
  • Supply blocks, unpowered buildings, or Contaminate may cause inaccurate times.
  • Supply counts are checked every 10 seconds.